 Dungeon Crawl Stone Soup version 0.17.0-26-gececa24 (console) character file.

8870 gw the Basher (level 11, -11/100 HPs)
             Began as a Deep Dwarf Fighter on Nov 19, 2015.
             Was a Priest of Ru.
             Engulfed by an ice statue's freezing vapour (13 damage)
             ... in an ice cave.
             The game lasted 00:11:36 (8495 turns).

gw the Basher (Deep Dwarf Fighter)                  Turns: 8495, Time: 00:11:36

Health: -11/100    AC: 25    Str: 20    XL:     11   Next: 15%
Magic:  0/0        EV:  8    Int:  6    God:    Ru [***...]
Gold:   609        SH: 11    Dex: 18    Spells: 0 memorised, 10 levels left

rFire  + . .     SeeInvis .     b - +0 morningstar
rCold  . . .     Clarity  .     q - +9 scale mail "Sanisu Onimn" {rCorr Int-3 Dex+3 Slay+4}
rNeg   . . .     SustAt   .     c - +0 shield
rPois  .         Gourm    .     n - +0 helmet
rElec  .         Spirit   .     (no cloak)
rCorr  +         Warding  .     u - +2 pair of gloves
rMut   .         Stasis   .     (no boots)
MR     .....                    t - amulet of faith
Stlth  ..........               m - ring of protection from fire
                                p - +4 ring of protection (curse)

@: exhausted, horrified, non-regenerating, drained, not resistant to hostile
enchantments, extremely unstealthy
A: damage resistance, recharge devices, sense surroundings 2, slow regeneration
3, no stealth, cowardly, magic vulnerability 1
a: Device Recharging, Draw Out Power, Renounce Religion


You were in an ice cave.
You worshipped Ru.
Ru was most pleased with you.
You were very hungry.

You visited 2 branches of the dungeon, and saw 12 of its levels.
You also visited: Ice Cave.

You collected 609 gold pieces.

Inventory:

Hand Weapons
 b - a +0 morningstar (weapon)
Missiles
 d - 6 needles of paralysis
 h - 296 stones (quivered)
 l - 9 poisoned needles
Armour
 c - a +0 shield (worn)
 n - a +0 helmet (worn)
 q - the +9 scale mail "Sanisu Onimn" (worn) {rCorr Int-3 Dex+3 Slay+4}
   (You found it on level 8 of the Dungeon)

   It affects your intelligence (-3).
   It affects your dexterity (+3).
   It affects your accuracy and damage with ranged weapons and melee attacks
   (+4).
   It protects you from acid and corrosion.
 u - a +2 pair of gloves (worn)
Jewellery
 m - a ring of protection from fire (right hand)
 p - a cursed +4 ring of protection (left hand)
 t - an amulet of faith (around neck)
Wands
 e - a wand of heal wounds (0)
 x - a wand of teleportation (0)
Scrolls
 g - 11 scrolls of identify
 j - a scroll of fog {unknown}
 o - 2 scrolls of remove curse
 r - a scroll of blinking
Potions
 a - a potion of lignification {unknown}
 s - 2 potions of ambrosia
Comestibles
 f - 9 bread rations
 i - 2 meat rations
 k - 7 beef jerkies


   Skills:
 + Level 7.1(6.3) Fighting
 * Level 10.0(9.2) Maces & Flails
 + Level 6.0(5.3) Throwing
 + Level 8.2(7.4) Armour
 + Level 8.0(7.2) Shields
 + Level 6.0(5.3) Evocations


You had 10 spell levels left.
You didn't know any spells.

Dungeon Overview and Level Annotations

Branches:
Dungeon (11/15)            Temple (1/1) D:4            Lair (0/8) D:8
    Orc (0/4) D:9

Altars:
Ashenzari
Cheibriados
Dithmenos
Elyvilon
Fedhas
Gozag
Kikubaaqudgha
Makhleb
Nemelex Xobeh
Okawaru
Qazlal
Ru
Sif Muna
Trog
Vehumet
Xom
Yredelemnul
Zin

Shops:
D:4 [   D:7 %

Portals:
Trove: D:11 (give 15 potions of curing)

Annotations:
D:5 2 runed doors
D:6 exclusion: downstairs


Innate Abilities, Weirdness & Mutations

You are resistant to damage.
You can recharge devices by infusing magical energy.
You passively map the area around you.
You do not regenerate naturally.
You cannot be stealthy.
Your cowardice makes you less effective in combat with threatening monsters.
You are slightly vulnerable to magic.


Message History

Press: ? - help, Shift-Dir - straight line, f - ice beast
Aim: an ice beast (summoned)
You throw a stone. The stone hits the ice beast.
The ice beast is lightly wounded.
You are engulfed in freezing vapours.
Attempting RANGED ATTACK TO (-2,0) Throwing (i - inventory):
h - 297 stones (quivered)
Press: ? - help, Shift-Dir - straight line, f/p - ice beast
Aim: an ice beast (lightly wounded, summoned)
You throw a stone. The stone barely misses the ice beast.
You are engulfed in freezing vapours.
You redirect the ice statue's attack!
The ice statue throws cold at the ice beast.
The bolt of cold hits the ice beast.
The ice beast completely resists.
The bolt of cold misses you.
ATTACK MOVE TO (-1,0)
You puncture the ice beast!
The ice beast is heavily wounded.
You are engulfed in freezing vapours.
You die...

##...## #...##
##...# ##...#
#...## #
##...####
##8#.....#.##
##...(¤(.((..##
#(..(.Yg.((...#
#.....(.......#
#......(¤¤.(....#
#.....(.....(...#
#.....(.}.......#
#...............#
#...............#
##.............##
* * * *


You could see an ice statue and an ice beast.

Table legend:
 A = Turns spent in this place as a percentage of turns spent in the entire game.
 B = Non-inter-level travel turns spent in this place as a percentage of non-inter-level travel turns spent in the entire game.
 C = Inter-level travel turns spent in this place as a percentage of turns spent in this place.
 D = Turns resting spent in this place as a percentage of non-inter-level travel turns spent in this place.
 E = Turns spent auto-exploring this place as a percentage of non-inter-level travel turns spent in this place.
 F = Non-inter-level travel turns spent in this place divided by the number of levels of this place that you've seen.
                   A       B       C       D       E      F
               +-------+-------+-------+-------+-------+----------------------
         Total | 100.0 | 100.0 |   0.3 |   0.0 |   1.9 | 1480.7
       Dungeon |  95.4 |  95.4 |   0.3 |   0.0 |   2.0 | 1669.3
        Temple |   0.8 |   0.8 |   0.6 |   0.0 |   3.8 | 157.0
      Ice Cave |   3.8 |   3.8 |   0.0 |   0.0 |   0.7 | 730.0
               +-------+-------+-------+-------+-------+----------------------

Table legend:
 A = Kills in this place as a percentage of kills in entire the game.
 B = Kills by you in this place as a percentage of kills by you in the entire game.
 C = Kills by friends in this place as a percentage of kills by friends in the entire game.
 D = Other kills in this place as a percentage of other kills in the entire game.
 E = Experience gained in this place as a percentage of experience gained in the entire game.
 F = Experience gained in this place divided by the number of levels of this place that you have seen.
                   A       B       C       D       E      F
               +-------+-------+-------+-------+-------+----------------------
         Total | 100.0 | 100.0 |  -nan | 100.0 | 100.0 | 974.8
       Dungeon |  98.4 |  98.4 |  -nan | 100.0 |  89.4 | 1030.5
      Ice Cave |   1.6 |   1.6 |  -nan |   0.0 |  10.6 | 1337.0
               +-------+-------+-------+-------+-------+----------------------

Vanquished Creatures
  The ghost of gw the Basher, a novice DDGl of Ru (D:7)
  An ice statue (IceCv)
  A gargoyle (D:10)
  2 trolls
  A two-headed ogre (D:7)
  3 blue devils (IceCv)
  2 yaks (D:11)
  A basilisk (D:11)
  A hungry ghost (D:10)
  2 hippogriffs
  Edmund (D:6)
  3 orc warriors
  3 sky beasts
  8 ice beasts
  A black bear (D:7)
  A phantom (D:5)
  5 centaurs
  5 ogres
  A big kobold (D:10)
  4 giant frogs
  2 scorpions
  19 wights
  6 killer bees
  2 giant frog zombies
  A quasit (D:8)
  2 centaur zombies
  11 hounds
  4 jellies
  4 orc priests
  3 electric eels (D:8)
  5 crimson imps
  2 giant frog skeletons
  2 worker ants
  3 iguanas
  5 orc wizards
  A killer bee zombie (D:9)
  2 hound zombies
  2 hound skeletons
  Robin (D:2)
  9 adders
  3 gnolls (D:4)
  2 shadow imps
  12 white imps (D:11)
  2 oozes
  2 worms (D:2)
  3 giant geckos (D:3)
  30 orcs
  12 goblins
  8 hobgoblins
  19 kobolds
  4 quokkas
  6 bats
  5 giant cockroaches
  A giant gecko skeleton (D:5)
  4 giant newts
  3 jackals (D:11)
  2 quokka skeletons (D:5)
  A quokka zombie (D:9)
  4 rats
256 creatures vanquished.

Vanquished Creatures (others)
  A centaur (D:10)
  2 orc wizards (D:3)
  An adder (D:8)
  An adder skeleton (D:8)
  A jackal (D:8)
6 creatures vanquished.

Grand Total: 262 creatures vanquished

Notes
Turn   | Place    | Note
--------------------------------------------------------------
     0 | D:1      | gw the Deep Dwarf Fighter began the quest for the Orb.
     0 | D:1      | Reached XP level 1. HP: 20/20 MP: 1/1
   266 | D:1      | Reached XP level 2. HP: 25/27 MP: 2/2
   737 | D:2      | Reached skill level 1 in Evocations
   743 | D:2      | Found an ancient bone altar of Kikubaaqudgha.
   794 | D:2      | Reached XP level 3. HP: 25/34 MP: 3/3
   984 | D:2      | Found a shattered altar of Ashenzari.
  1168 | D:2      | Noticed Robin
  1208 | D:2      | Killed Robin
  1284 | D:2      | Reached skill level 1 in Throwing
  1306 | D:2      | Reached XP level 4. HP: 24/42 MP: 4/4
  1794 | D:3      | Found a deep blue altar of Sif Muna.
  2924 | D:4      | Reached XP level 5. HP: 40/49 MP: 3/3
  2959 | D:4      | Reached skill level 4 in Armour
  3097 | D:4      | Found Eleceybe's Antique Armour Shoppe.
  3212 | D:4      | Found a staircase to the Ecumenical Temple.
  3217 | Temple   | Entered the Ecumenical Temple
  3225 | Temple   | Became a worshipper of Ru the Awakened
  3391 | D:5      | Entered Level 5 of the Dungeon
  3510 | D:5      | Noticed an ice beast
  3517 | D:5      | Killed an ice beast
  3517 | D:5      | Reached XP level 6. HP: 35/56 MP: 4/4
  3519 | D:5      | Found a runed door.
  3543 | D:5      | Found a runed door.
  3766 | D:5      | Noticed a sky beast
  3793 | D:5      | Killed a sky beast
  3793 | D:5      | Reached XP level 7. HP: 63/63 MP: 5/5
  3825 | D:5      | Noticed a centaur
  3834 | D:5      | Killed a centaur
  3869 | D:5      | Reached skill level 5 in Maces & Flails
  3884 | D:5      | Noticed a phantom
  3889 | D:5      | Killed a phantom
  4592 | D:6      | Reached skill level 5 in Armour
  4592 | D:6      | Reached skill level 5 in Shields
  4601 | D:6      | Reached XP level 8. HP: 66/73 MP: 5/5
  4665 | D:6      | Noticed Edmund
  4699 | D:6      | Killed Edmund
  4699 | D:6      | Reached skill level 6 in Maces & Flails
  4723 | D:6      | Gained mutation: You are slightly vulnerable to magic. [Ru sacrifice]
  4723 | D:6      | Reached * piety under Ru
  4741 | D:6      | Found a burning altar of Makhleb.
  5014 | D:6      | Found a blossoming altar of Fedhas.
  5212 | D:7      | Reached skill level 5 in Fighting
  5231 | D:7      | Noticed gw's ghost (novice DDGl)
  5319 | D:7      | Found Xuidghi's Food Shop.
  5356 | D:7      | Reached skill level 7 in Maces & Flails
  5501 | D:7      | Found a glowing silver altar of Zin.
  5541 | D:7      | Gained mutation: You passively map the area around you. [Deep Dwarf growth]
  5541 | D:7      | Reached XP level 9. HP: 52/81 MP: 5/5
  5580 | D:7      | Killed gw's ghost
  5705 | D:7      | Noticed a two-headed ogre
  5713 | D:7      | Killed a two-headed ogre
  5713 | D:7      | Reached skill level 8 in Maces & Flails
  5878 | D:8      | Found a staircase to the Lair.
  5909 | D:8      | Reached skill level 5 in Throwing
  5910 | D:8      | HP: 4/82 [ogre/giant club (20)]
  5956 | D:8      | Reached XP level 10. HP: 65/91 MP: 2/2
  6030 | D:8      | Got a spiked scale mail
  6041 | D:8      | Identified the +9 scale mail "Sanisu Onimn" {rCorr Int-3 Dex+3 Slay+4} (You found it on level 8 of the Dungeon)
  6191 | D:8      | Found an iron altar of Okawaru.
  6224 | D:8      | Gained mutation: You cannot be stealthy. [Ru sacrifice]
  6224 | D:8      | Reached ** piety under Ru
  6535 | D:9      | Reached skill level 9 in Maces & Flails
  6759 | D:9      | Found a staircase to the Orcish Mines.
  7024 | D:10     | Entered Level 10 of the Dungeon
  7257 | D:10     | Reached skill level 5 in Evocations
  7550 | D:10     | Found a burning altar of Makhleb.
  8148 | D:11     | Noticed a cyclops
  8187 | D:11     | Found a portal to a secret trove of treasure.
  8236 | D:11     | Reached XP level 11. HP: 52/99 MP: 3/3
  8262 | D:11     | Gained mutation: Your cowardice makes you less effective in combat with threatening monsters. [Ru sacrifice]
  8262 | D:11     | Reached *** piety under Ru
  8340 | D:11     | Found a frozen archway.
  8352 | IceCv    | Entered an ice cave
  8396 | IceCv    | Reached skill level 10 in Maces & Flails
  8493 | IceCv    | HP: 2/100 [ice statue] (9)]
  8495 | IceCv    | Engulfed by an ice statue's freezing vapour

Action                   |  1- 3 |  4- 6 |  7- 9 | 10-12 || total
-------------------------+-------+-------+-------+-------++-------
Melee: Flail             |   130 |   168 |   271 |    73 ||   642
       Morningstar       |       |       |       |   315 ||   315
Throw: Stone             |    40 |   106 |     7 |    20 ||   173
       Javelin           |    14 |    31 |    52 |    49 ||   146
       Tomahawk          |       |       |       |    20 ||    20
Invok: Sacrifice Essence |       |       |     1 |       ||     1
       Sacrifice Stealth |       |       |       |     1 ||     1
       Draw Out Power    |       |       |       |     2 ||     2
       Sacrifice Courage |       |       |       |     1 ||     1
 Abil: Device Recharging |       |     3 |     7 |     5 ||    15
Evoke: Wand              |     1 |    13 |    28 |    29 ||    71
  Use: Potion            |     2 |     3 |    10 |     2 ||    17
       Scroll            |     1 |     6 |     6 |     2 ||    15
  Eat: Chunk             |     1 |     8 |     8 |    10 ||    27

Vault maps used:
D:1:      tarquinn_simple_flora_water_e
D:2:      kiku_gazebo_pond_becter, ashenzari_altar_1, uniq_robin
D:3:      led_sif_book
D:4:      tso_oasis_becter, minmay_temple_entry_nine_rooms, serial_shops, shop,
          minivault_25, uniq_grinder, uniq_eustachio
D:5:      lemuel_insect_pit, first_bread
D:6:      kennysheep_mini, nicolae_overflow_crystal_walls, uniq_edmund
D:7:      zin_treasury, serial_shops, nicolae_shop_waterfront
D:8:      erik_lair_island, basic_altar
D:9:      orc_0_dummy, grunt_ogre_cave
D:10:     basic_altar
D:11:     enter_trove_2, portal_ice_cave_entry_imps, nicolae_sextant
Temple:   circular_temple_12
IceCv:    ice_cave_tombish
